Map: [ESL] Stargazers

Players

Astrea - Winner!

  • Race: Protoss Protoss
  • Spawn Location: 1:00

Neeb

  • Race: Protoss Protoss
  • Spawn Location: 11:00

Event: DreamHack SC2 Masters 2022 Atlanta (Online)

VOD

Have the link to the VOD?

Description

Time

  • Played on: Oct. 16, 2022, 5:18 p.m.
  • Length: 5:29

All games in this series

Show
View Real Time Build Order
Export as new Build Order

Astrea Protoss - Winner!

Build Orders: Oracle Opening 

Get SALT Encoding   

  12  0:00  Probe  
  13  0:12  Probe  
  14  0:16  Pylon  
  14  0:24  Probe (Chrono Boost)  
  15  0:37  Probe (Chrono Boost), Gateway  
  16  0:43  Probe (Chrono Boost)  
  16  0:47  Assimilator  
  17  0:51  Probe  
  18  0:57  Assimilator  
  18  1:03  Probe (Chrono Boost)  
  19  1:06  Pylon  
  19  1:14  Probe (Chrono Boost)  
  20  1:19  Probe (Chrono Boost)  
  20  1:25  Cybernetics Core  
  21  1:29  Probe  
  22  1:34  Zealot  
  24  1:41  Probe  
  25  1:48  Pylon  
  25  1:53  Probe  
  26  2:01  Warp Gate  
  26  2:06  Probe  
  26  2:07  Robotics Facility  
  27  2:10  Sentry  
  29  2:23  Gateway  
  29  2:34  Gateway  
  30  2:40  Oracle  
  30  2:42  Stalker  
  30  2:51  Immortal (Chrono Boost)  
  34  3:03  Gateway  
  34  3:15  Sentry (Chrono Boost)  
  34  3:17  Pylon  
  36  3:28  Warp Prism  
  38  3:45  Pylon  
  38  3:47  Pylon  
  36  4:04  Sentry, Stalker  
  36  4:06  Sentry x2  
  36  4:07  Pylon  
  44  4:31  Sentry  
  44  4:32  Zealot x3  
  52  4:43  Pylon  
  52  4:57  Stalker x3  
  54  5:08  Stalker  
  52  5:20  Stalker x2  
Show
View Real Time Build Order
Export as new Build Order

Neeb Protoss 

Build Orders:  

Get SALT Encoding   

  12  0:00  Probe  
  13  0:12  Probe  
  14  0:17  Pylon  
  14  0:24  Probe (Chrono Boost)  
  15  0:36  Gateway, Probe (Chrono Boost)  
  16  0:44  Probe (Chrono Boost)  
  16  0:46  Assimilator  
  17  0:51  Probe  
  17  0:55  Assimilator  
  18  1:03  Probe (Chrono Boost)  
  19  1:11  Gateway  
  19  1:15  Probe (Chrono Boost)  
  20  1:23  Probe (Chrono Boost)  
  21  1:26  Cybernetics Core  
  21  1:30  Probe  
  22  1:37  Pylon  
  22  1:42  Probe  
  23  1:55  Probe  
  24  2:02  Warp Gate (Chrono Boost)  
  24  2:03  Stalker x2  
  28  2:15  Pylon  
  28  2:25  Probe  
  29  2:33  Stalker x2  
  33  2:57  Nexus  
  33  3:04  Shield Battery  
  33  3:06  Probe  
  33  3:10  Sentry  
  33  3:12  Sentry  
  38  3:21  Pylon  
  38  3:23  Probe  
  39  3:39  Probe (Chrono Boost)  
  40  3:47  Stalker x2  
  40  3:51  Probe (Chrono Boost)  
  40  3:55  Twilight Council  
  41  4:00  Probe (Chrono Boost)  
  42  4:03  Shield Battery  
  42  4:13  Sentry, Stalker  
  46  4:25  Shield Battery  
  46  4:26  Pylon  
  46  4:36  Stalker  
  46  4:37  Stalker  
  50  4:42  Gateway  
  50  4:46  Probe  
  49  5:00  Pylon  
Tags
 
Add a new tag
Caveats
  • Supply blocks, unpowered buildings, or Contaminate may cause inaccurate times.
  • Supply counts are checked every 10 seconds.